 Dungeon Crawl Stone Soup version 0.29.1 (webtiles) character file.

Game seed: 13013094838555900869

78866 protoss039 the Warrior (level 15, -7/120 HPs)
             Began as a Demonspawn Earth Elementalist on Sept 2, 2022.
             Was a High Priest of Vehumet.
             Killed from afar by a will-o-the-wisp (27 damage)
             ... with a foxfire
             ... on level 1 of the Swamp on Sept 13, 2022.
             The game lasted 01:12:30 (33596 turns).

protoss039 the Warrior (DsEE)                      Turns: 33596, Time: 01:12:31

Health: -7/120     AC: 15    Str: 10    XL:     15   Next: 19%
Magic:  29/31      EV: 12    Int: 27    God:    Vehumet [*****.]
Gold:   493        SH:  5    Dex: 10    Spells: 5/38 levels left

rFire   . . .      SeeInvis .   Z - +4 rapier (venom)
rCold   + + +      Faith    .   (no shield)
rNeg    . . .      Spirit   .   Q - +0 steam dragon scales
rPois   +          Reflect  +   t - +0 helmet
rElec   .          Harm     .   Y - +1 cloak
rCorr   +          Rampage  .   k - +2 pair of gloves "Mudug" {rC++ Dex-3}
Will    ++...                   j - +0 pair of boots
Stlth   ++........              B - amulet of reflection
HPRegen 0.30/turn               U - ring of poison resistance
MPRegen 0.22/turn               N - ring of the Greedy {rC+ Will+ rCorr Int+4}

@: marked, corroded, flying
A: hooves 1, yellow scales 3, spiny 1, demonic magic 2, frail 1
a: Renounce Religion


You were on level 1 of the Swamp.
You worshipped Vehumet.
Vehumet was extremely pleased with you.
You visited 5 branches of the dungeon, and saw 24 of its levels.
You also visited: Sewer.

You collected 2506 gold pieces.
You spent 2013 gold pieces at shops.

Inventory:

Hand Weapons
 g - the +3 dagger "Lifebane" {drain, rElec Str-3 Dex+6}
   (You bought it in a shop on level 2 of the Orcish Mines)

   A truly terrible weapon, it drains the life of any living foe it strikes.
   Str:       It affects your strength (-3).
   Dex:       It affects your dexterity (+6).
   rElec:     It insulates you from electricity.
 Z - a +4 rapier of venom (weapon)
Missiles
 X - a throwing net
Armour
 j - a +0 pair of boots (worn)
 k - the +2 pair of gloves "Mudug" (worn) {rC++ Dex-3}
   (You found it on level 13 of the Dungeon)

   Dex:       It affects your dexterity (-3).
   rC:        It greatly protects you from cold.
 r - a +0 robe of the Archmagi
 t - a +0 helmet (worn)
 Q - +0 steam dragon scales (worn)
 Y - a +1 cloak (worn)
Magical Staves
 u - a staff of fire
Jewellery
 B - an amulet of reflection (around neck)
 G - a ring of protection from cold
 M - a ring of protection from fire
 N - the ring of the Greedy (right hand) {rC+ Will+ rCorr Int+4}
   (You found it on level 3 of the Lair of Beasts)

   [ring of protection from cold]

   Int:       It affects your intelligence (+4).
   rC:        It protects you from cold.
   rCorr:     It protects you from acid and corrosion.
   Will:      It increases your willpower.
 S - a +6 ring of intelligence
 U - a ring of poison resistance (left hand)
 V - a ring of willpower
Wands
 x - a wand of quicksilver (8)
 z - a wand of paralysis (15)
 I - a wand of iceblast (15)
Scrolls
 c - 3 scrolls of fog
 d - 3 scrolls of enchant armour
 e - 2 scrolls of magic mapping {unknown}
 h - 5 scrolls of immolation
 i - a scroll of summoning {unknown}
 m - 2 scrolls of identify
 p - 5 scrolls of amnesia
 q - a scroll of fear
 s - 7 scrolls of teleportation
 v - a scroll of enchant weapon
 w - 2 scrolls of brand weapon {unknown}
 D - 5 scrolls of poison
 H - 2 scrolls of acquirement {unknown}
Potions
 a - 3 potions of resistance
 b - 3 potions of magic
 f - 12 potions of curing
 l - 2 potions of flight
 n - 4 potions of brilliance
 o - 5 potions of cancellation
 A - 5 potions of heal wounds
 C - 4 potions of might
 E - a potion of invisibility
 J - 5 potions of ambrosia
 K - 2 potions of lignification
 L - 5 potions of mutation
 R - 4 potions of haste


   Skills:
 + Level 17.1 Fighting
 + Level 8.3 Armour
 - Level 1.7 Dodging
 - Level 1.7 Stealth
 + Level 12.4 Spellcasting
 + Level 8.7 Conjurations
 - Level 3.0 Transmutations
 + Level 10.6 Earth Magic


You had 5 spell levels left.
You knew the following spells:

 Your Spells              Type           Power      Damage    Failure   Level
a - Sandblast             Erth           100%       2d20      1%          1
b - Passwall              Tmut/Erth      43%        N/A       1%          2
c - Stone Arrow           Conj/Erth      100%       3d13      1%          3
d - Swiftness             Air            16%        N/A       10%         3
e - Irradiate             Conj/Tmut      24%        3d19      2%          5
f - Ignite Poison         Fire/Tmut/Pois 22%        N/A       1%          3
g - Mephitic Cloud        Conj/Pois/Air  32%        N/A       1%          3
h - Ozocubu's Refrigerat  Ice            8%         4d9       99%         7
j - Iron Shot             Conj/Erth      31%        9d6       2%          6

Your spell library contained the following spells:

 Spells                   Type           Power      Damage    Failure   Level
 Lightning Bolt           Conj/Air       20%        1d35      4%          5
 Magic Dart               Conj           100%       1d8       1%          1
 Scorch                   Fire           32%        2d7       1%          2
 Flame Wave               Conj/Fire      40%        2d11      1%          4
 Petrify                  Tmut/Erth      52%        N/A       1%          4
 Summon Small Mammal      Summ           64%        N/A       3%          1
 Animate Armour           Summ/Erth      90%        N/A       3%          4
 Call Imp                 Summ           16%        N/A       4%          2
 Ensorcelled Hibernation  Hex/Ice        32%        N/A       4%          2
 Call Canine Familiar     Summ           16%        N/A       10%         3
 Summon Guardian Golem    Hex/Summ       16%        N/A       10%         3
 Blade Hands              Tmut           16%        N/A       26%         5
 Summon Ice Beast         Ice/Summ       16%        N/A       32%         4
 Summon Mana Viper        Hex/Summ       16%        N/A       67%         5
 Summon Cactus Giant      Summ           8%         N/A       99%         6
 Dragon Form              Tmut           16%        N/A       100%        7
 Monstrous Menagerie      Summ           8%         N/A       100%        7


Dungeon Overview and Level Annotations

Branches:
Dungeon (15/15) Zot: 26369  Temple (1/1) D:4 Zot: 5984    Lair (5/5) D:11 Zot: 20144
  Swamp (1/4) Lair:3 Zot: 5842  Spider (0/4) Lair:2        Slime (0/5) Lair:4
    Orc (2/2) D:9 Zot: 9419     Elf (0/3) Orc:2        Vaults (0/5) D:14
  Sewer (visited)
 Depths: D:15

Altars:
Ashenzari
Cheibriados
Dithmenos
Fedhas
Gozag
Hepliaklqana
Kikubaaqudgha
Makhleb
Nemelex Xobeh
Okawaru
Qazlal
Ru
Trog
Uskayaw
Vehumet
Wu Jian
Xom
Yredelemnul

Shops:
D:1 [   D:4 !   D:10 (   Orc:2 **[[

Portals:
Abyss: D:5

Annotations:
D:3 exclusion: scorpion
D:4 1 transporter, sentinel's ghost, amateur MeVM
D:5 2 transporters, zielscheibe's ghost, novice FoAK
D:7 1 exclusion
D:13 1 exclusion
D:14 3 runed translucent doors
Swamp:1 1 exclusion


Innate Abilities, Weirdness & Mutations

You have large cloven feet.
You are completely covered in yellow scales. (AC +4, rCorr)
You are partially covered in sharp spines.
Spells you cast may paralyse nearby enemies.
You are frail. (-10% HP)


Message History

The tyrant leech appears confused.
Unknown command.
Unknown command.
Unknown command.
Okay, then.
The bunyip howls a warning cry!
Unknown command.
Unknown command.
Unknown command.
You feel much better.
The goliath frog hits you but does no damage.
The will-o-the-wisp gestures.
The will-o-the-wisp conjures some foxfire! 2 foxfires come into view.
Unknown command.
Unknown command.
The foxfire hits you!!
* * * LOW HITPOINT WARNING * * *
The foxfire hits you.
* * * LOW HITPOINT WARNING * * *
The will-o-the-wisp gestures.
The will-o-the-wisp conjures some foxfire!
The goliath frog hits you from afar.
* * * LOW HITPOINT WARNING * * *
You are splashed with acid.
You resist.
* * * LOW HITPOINT WARNING * * *
2 foxfires come into view.
Unknown command.
Unknown command.
As you read the scroll of fear, it crumbles to dust.
You assume a fearsome visage.
The goliath frog looks frightened!
The foxfire is unaffected.
The bunyip resists with almost no effort.
The will-o-the-wisp is unaffected.
The foxfire is unaffected.
The spriggan druid looks frightened!
The swamp worm looks frightened!
The tyrant leech looks frightened!
The spriggan druid seems less confused.
The foxfire hits you.
* * * LOW HITPOINT WARNING * * *
The foxfire hits you!!
You die...

~^~~.♣♣♣....~.~~~~...~~...♣~~♣♣
.~~~.♣♣.~~~..~§~~~[~♣~...~....♣
.§~~|♣♣.~~~.~♣♣..~~~....>~~~~.♣
..~~.♣♣~...~...§..~♣♣♣♣...~~~.♣
.~~.~.....~~~..÷...♣♣♣♣♣~..~~♣♣
♣♣♣~.~§~..~~~~~~....<♣ ♣♣.~~.♣
♣...~~...~~..~~.....♣♣♣~.~~.♣
♣......♣.~~~.§.~~..~♣......♣♣
♣....♣♣♣~...vF§@.~~..††.....♣
♣~~~~.♣♣♣♣♣~wx§v~~~~..~~~~~~~♣
♣.~~~....♣♣.~♣♣...~~..~~~~~~.♣
♣.....~~.~wi§♣♣♣~....~~~....♣♣
~.♣♣♣~ww..~§~~♣♣♣♣♣♣~....♣♣♣♣
~~§~.~~~..~~.~~♣ ...♣~~♣
..♣.......i.~♣♣♣ ..~♣♣♣♣♣
♣♣.....i.♣♣♣♣ ♣♣♣♣ ♣...♣.~~.♣♣♣


You could see a bunyip, a tyrant leech (fleeing), a spriggan druid (fleeing), a
goliath frog (fleeing), a will-o-the-wisp and a swamp worm (fleeing).

Vanquished Creatures
  An ettin (Orc:1)
  Josephine (D:13)
  12 hydras
  A boulder beetle (D:13)
  An alligator (Swamp:1)
  6 two-headed ogres
  2 merfolk aquamancers (D:12)
  2 catoblepae
  A centaur warrior (D:14)
  A deep troll shaman (Lair:5)
  7 death yaks
  An orc high priest (Orc:1)
  Lodul (D:11)
  A fire crab (Lair:5)
  A goliath frog (Swamp:1)
  2 bog bodies (Swamp:1)
  An orb spider (Lair:2)
  2 orc knights (Orc:2)
  3 deep elf pyromancers
  A wizard (D:14)
  13 ugly things
  A necromancer (Lair:4)
  2 manticores
  7 oklob plants
  5 orc sorcerers
  2 cyclopes
  15 elephants
  3 black mambas
  A water nymph (D:12)
  2 gargoyles
  8 cane toads
  2 komodo dragons
  An unseen horror (D:10)
  A kobold demonologist (D:10)
  3 rime drakes (Lair:3)
  A queen bee (Lair:2)
  7 polar bears
  5 hornets
  6 trolls
  10 blink frogs (Lair:4)
  14 slime creatures
  A vampire (D:14)
  19 yaks
  8 wraiths
  A wyvern (Lair:4)
  3 steam dragons
  4 basilisks
  7 vampire mosquitoes
  2 wargs
  3 swamp worms
  29 water moccasins
  An ice beast (D:7)
  39 orc warriors
  A black bear (D:5)
  A sky beast (D:6)
  10 ogres
  16 centaurs
  7 wolves (Lair:5)
  An elephant zombie (Lair:4)
  3 phantoms
  6 kobold brigands
  8 bullfrogs
  A gnoll sergeant (D:8)
  2 scorpions
  4 wights (D:9)
  30 killer bees
  4 electric eels
  A howler monkey (D:7)
  2 jellies (D:7)
  A basilisk zombie (Lair:4)
  A hound (D:5)
  11 orc priests
  2 gnoll boudas
  6 iguanas
  2 hell rats (D:11)
  20 orc wizards
  16 gnolls
  20 adders
  5 river rats
  A shadow imp (D:6)
  A white imp (D:8)
  2 dart slugs
  67 orcs
  8 endoplasms
  3 giant cockroaches
  4 goblins
  7 hobgoblins
  8 jackals
  28 kobolds
  7 quokkas
  7 ball pythons
  6 bats
  8 frilled lizards
  12 rats
624 creatures vanquished.

Vanquished Creatures (others)
  An orc (D:9)
  7 foxfires (Swamp:1)
  8 fungi
  18 plants
34 creatures vanquished.

Grand Total: 658 creatures vanquished

Notes
Turn   | Place    | Note
-------+----------+-------------------------------------------
     0 | D:1      | protoss039 the Demonspawn Earth Elementalist began the
                  | quest for the Orb.
     0 | D:1      | Reached XP level 1. HP: 13/13 MP: 3/3
    10 | D:1      | Reached skill level 1 in Transmutations
   280 | D:2      | Gained mutation: Spells you cast may paralyse adjacent
                  | enemies. [demonic ancestry]
   280 | D:2      | Reached XP level 2. HP: 19/20 MP: 3/5
   413 | D:2      | Reached skill level 1 in Fighting
   417 | D:2      | Reached skill level 1 in Armour
   417 | D:2      | Reached XP level 3. HP: 21/26 MP: 2/6
   735 | D:1      | Found Uwnaust's Antique Armour Shoppe.
  1179 | D:1      | Found a faded altar of an unknown god.
  2039 | D:2      | Reached XP level 4. HP: 31/32 MP: 7/7
  2692 | D:3      | Noticed a scorpion
  2744 | D:3      | Learned a level 2 spell: Passwall
  2748 | D:3      | Learned a level 3 spell: Stone Arrow
  3020 | D:3      | Found a sacrificial altar of Ru.
  3733 | D:4      | Found a transporter.
  3736 | D:4      | Noticed sentinel's ghost (amateur MeVM)
  3739 | D:4      | Noticed an ogre
  3739 | D:4      | Noticed an ogre
  3756 | D:4      | Found a glowing drain.
  3762 | D:4      | Noticed an ogre
  3784 | D:4      | Killed an ogre
  3785 | D:4      | Reached skill level 2 in Fighting
  3785 | D:4      | Reached skill level 1 in Conjurations
  3785 | D:4      | Gained mutation: You are partially covered in yellow
                  | scales. (AC +2) [demonic ancestry]
  3785 | D:4      | Reached XP level 5. HP: 4/38 MP: 1/9
  3852 | Sewer    | Entered a sewer
  4525 | Sewer    | Gained mutation: You have large cloven feet. [demonic
                  | ancestry]
  4525 | Sewer    | Reached XP level 6. HP: 46/46 MP: 6/10
  5049 | D:4      | Found Zooqufy's Distillery.
  5054 | D:4      | Bought a potion of ambrosia for 88 gold pieces
  5054 | D:4      | Bought a potion of attraction for 33 gold pieces
  5072 | D:4      | Found a staircase to the Ecumenical Temple.
  5414 | D:5      | Entered Level 5 of the Dungeon
  5471 | D:5      | Noticed an ancient zyme
  5500 | D:5      | Found a transporter.
  5505 | D:5      | Noticed zielscheibe's ghost (novice FoAK)
  5508 | D:5      | Found a one-way gate to the infinite horrors of the Abyss.
  5533 | D:5      | Reached skill level 3 in Fighting
  5533 | D:5      | Reached XP level 7. HP: 52/52 MP: 4/12
  5614 | D:5      | Found a transporter.
  6407 | Temple   | Entered the Ecumenical Temple
  6415 | Temple   | Became a worshipper of Vehumet
  6500 | D:6      | Reached skill level 4 in Fighting
  6984 | D:6      | Gained mutation: You are mostly covered in yellow scales.
                  | (AC +3) [demonic ancestry]
  6984 | D:6      | Reached XP level 8. HP: 55/61 MP: 14/14
  7075 | D:6      | Reached skill level 5 in Fighting
  7135 | D:6      | Reached skill level 5 in Earth Magic
  7793 | D:7      | Reached skill level 6 in Fighting
  7952 | D:7      | Noticed a hornet
  7969 | D:7      | Killed a hornet
  7970 | D:7      | Reached skill level 5 in Spellcasting
  8100 | D:7      | Noticed a hornet
  8105 | D:7      | Reached * piety under Vehumet
  8105 | D:7      | Offered knowledge of Magic Dart by Vehumet.
  8111 | D:7      | Killed a hornet
  8112 | D:7      | Reached skill level 7 in Fighting
  8112 | D:7      | Reached XP level 9. HP: 71/72 MP: 11/17
  8745 | D:7      | Reached skill level 8 in Fighting
  9328 | D:7      | Offered knowledge of Poisonous Vapours by Vehumet.
  9382 | D:8      | Reached ** piety under Vehumet
  9832 | D:8      | Reached XP level 10. HP: 80/82 MP: 2/19
 10111 | D:8      | Reached skill level 9 in Fighting
 10268 | D:8      | Identified the +1 short sword of a bailey {drain, *Rage rC-
                  | Int+4 Dex+4}
 10490 | D:9      | Offered knowledge of Frozen Ramparts by Vehumet.
 10732 | D:9      | Found a snail-covered altar of Cheibriados.
 10874 | D:9      | Reached *** piety under Vehumet
 11146 | D:9      | Found a staircase to the Orcish Mines.
 11164 | D:9      | Noticed a two-headed ogre
 11168 | D:9      | Killed a two-headed ogre
 11245 | D:10     | Entered Level 10 of the Dungeon
 11303 | D:10     | Found a sparkling altar of Nemelex Xobeh.
 11304 | D:10     | Noticed a two-headed ogre
 11308 | D:10     | Killed a two-headed ogre
 11380 | D:10     | Reached skill level 10 in Fighting
 11380 | D:10     | Reached skill level 5 in Conjurations
 11694 | D:10     | Noticed a two-headed ogre
 11699 | D:10     | Killed a two-headed ogre
 11700 | D:10     | Reached skill level 5 in Armour
 11781 | D:10     | Found Velo's Weapon Boutique.
 11942 | D:10     | Found an ancient bone altar of Kikubaaqudgha.
 11943 | D:10     | Found an ornate altar of the Wu Jian Council.
 11943 | D:10     | Found a shadowy altar of Dithmenos.
 12188 | D:10     | Gained mutation: You are completely covered in yellow
                  | scales. (AC +4, rCorr) [demonic ancestry]
 12188 | D:10     | Reached XP level 11. HP: 91/92 MP: 10/21
 12188 | D:10     | Offered knowledge of Hailstorm by Vehumet.
 12458 | D:10     | Learned a level 5 spell: Irradiate
 12462 | D:10     | Learned a level 3 spell: Swiftness
 12624 | D:11     | Noticed a death yak
 12906 | D:11     | Noticed a death yak
 13352 | D:11     | Noticed a death yak
 13496 | D:11     | Found a staircase to the Lair.
 13542 | D:11     | Learned a level 6 spell: Iron Shot
 13545 | D:12     | Noticed a four-headed hydra
 13549 | D:12     | Killed a four-headed hydra
 13646 | D:12     | Noticed a merfolk aquamancer
 13647 | D:12     | Noticed a merfolk aquamancer
 13840 | D:12     | Noticed Lodul
 13840 | D:12     | Noticed a white ugly thing
 14182 | D:11     | Killed a white ugly thing
 14311 | D:12     | Reached **** piety under Vehumet
 14346 | D:11     | Killed Lodul
 14503 | D:12     | Offered knowledge of Ignite Poison by Vehumet.
 14626 | D:12     | Reached skill level 11 in Fighting
 14976 | D:12     | Learned a level 3 spell: Ignite Poison
 15065 | D:12     | Noticed a deep elf pyromancer
 15072 | D:12     | Killed a deep elf pyromancer
 15190 | D:12     | Killed a merfolk aquamancer
 15930 | D:12     | Killed a merfolk aquamancer
 16144 | D:13     | Found a blossoming altar of Fedhas.
 16186 | D:13     | Noticed Josephine
 16204 | D:13     | Killed Josephine
 16205 | D:13     | Reached XP level 12. HP: 88/102 MP: 2/24
 16224 | D:13     | Reached skill level 12 in Fighting
 16723 | D:13     | Noticed a five-headed hydra
 16728 | D:13     | Killed a five-headed hydra
 16804 | D:13     | Identified the +2 pair of gloves "Mudug" {rC++ Dex-3}
 16846 | D:13     | Noticed a boulder beetle
 16861 | D:13     | Killed a boulder beetle
 17113 | D:13     | Noticed a two-headed ogre
 17122 | D:13     | Killed a two-headed ogre
 17370 | D:13     | Noticed an eight-headed hydra
 17376 | D:13     | Killed an eight-headed hydra
 17752 | D:14     | Reached skill level 13 in Fighting
 17844 | D:14     | Noticed a centaur warrior
 18516 | D:14     | Found a runed translucent gate.
 18516 | D:14     | Found a runed translucent gate.
 18517 | D:14     | Found a runed translucent gate.
 18520 | D:14     | Noticed a two-headed ogre
 18521 | D:14     | a two-headed ogre changed into a faun
 18771 | D:14     | Reached skill level 14 in Fighting
 18934 | D:14     | Noticed a two-headed ogre
 18937 | D:14     | Killed a two-headed ogre
 18961 | D:14     | Killed a centaur warrior
 19457 | D:13     | Reached skill level 10 in Spellcasting
 19585 | D:14     | Gained mutation: You are partially covered in sharp spines.
                  | [demonic ancestry]
 19585 | D:14     | Reached XP level 13. HP: 105/114 MP: 17/27
 19662 | D:14     | Found a shadowy altar of Dithmenos.
 19702 | D:14     | Found a gate to the Vaults.
 20531 | D:15     | Entered Level 15 of the Dungeon
 20611 | D:15     | Found an ancient bone altar of Kikubaaqudgha.
 20717 | Lair:1   | Entered Level 1 of the Lair of Beasts
 20957 | Lair:1   | Reached skill level 15 in Fighting
 21901 | Lair:2   | Found a blossoming altar of Fedhas.
 22361 | Lair:2   | Reached ***** piety under Vehumet
 22361 | Lair:2   | Offered knowledge of Starburst by Vehumet.
 22584 | Lair:2   | Found a hole to the Spider Nest.
 23155 | Lair:3   | Reached skill level 16 in Fighting
 23301 | Lair:3   | Identified the ring of the Greedy {rC+ Will+ rCorr Int+4}
 24211 | Lair:3   | Reached XP level 14. HP: 104/125 MP: 29/29
 24761 | Lair:3   | Found a staircase to the Swamp.
 24989 | Lair:3   | Offered knowledge of Lee's Rapid Deconstruction by Vehumet.
 25472 | Lair:4   | Found a staircase to the Slime Pits.
 27299 | Lair:5   | Entered Level 5 of the Lair of Beasts
 28091 | Lair:5   | Reached skill level 10 in Earth Magic
 29675 | Lair:5   | Offered knowledge of Ozocubu's Refrigeration by Vehumet.
 29781 | Lair:5   | Learned a level 7 spell: Ozocubu's Refrigeration
 29785 | Lair:5   | Learned a level 3 spell: Mephitic Cloud
 30196 | Lair:5   | Upgraded the game from 0.29.0-11-gd7f09526c8 to 0.29.1
 30321 | Orc:1    | Entered Level 1 of the Orcish Mines
 30698 | Orc:1    | Gained mutation: You are frail. (-10% HP) [mutagenic glow]
 31428 | Orc:2    | Entered Level 2 of the Orcish Mines
 31428 | Orc:2    | Found a staircase to the Elven Halls.
 31840 | Orc:2    | Gained mutation: Spells you cast may paralyse nearby
                  | enemies. [demonic ancestry]
 31840 | Orc:2    | Reached XP level 15. HP: 119/119 MP: 27/31
 31845 | Orc:2    | Reached skill level 17 in Fighting
 32699 | Orc:2    | Offered knowledge of Lightning Bolt by Vehumet.
 33121 | Orc:2    | Found Onemiv's General Store.
 33121 | Orc:2    | Found Kannorih's Armour Boutique.
 33123 | Orc:2    | Found Ywym Huophud's Armour Shop.
 33125 | Orc:2    | Found Goerr's Assorted Antiques.
 33129 | Orc:2    | Bought a scroll of identify for 26 gold pieces
 33129 | Orc:2    | Bought a potion of curing for 39 gold pieces
 33129 | Orc:2    | Bought 2 potions of heal wounds for 130 gold pieces
 33129 | Orc:2    | Bought a potion of brilliance for 52 gold pieces
 33129 | Orc:2    | Bought a potion of heal wounds for 65 gold pieces
 33137 | Orc:2    | Bought a scorched dagger for 203 gold pieces
 33137 | Orc:2    | Identified the +3 dagger "Lifebane" {drain, rElec Str-3
                  | Dex+6} (You bought it in a shop on level 2 of the Orcish
                  | Mines)
 33137 | Orc:2    | Bought a crude rapier for 261 gold pieces
 33137 | Orc:2    | Identified the +7 rapier of Defence {vorpal, Drain rElec
                  | rPois rCorr} (You bought it in a shop on level 2 of the
                  | Orcish Mines)
 33137 | Orc:2    | Bought a scroll labelled LEKAME LUNUFF for 29 gold pieces
 33137 | Orc:2    | Bought a scroll of amnesia for 116 gold pieces
 33137 | Orc:2    | Bought a potion of haste for 290 gold pieces
 33137 | Orc:2    | Bought a scroll of enchant armour for 217 gold pieces
 33137 | Orc:2    | Bought 2 potions of mutation for 464 gold pieces
 33312 | Swamp:1  | Entered Level 1 of the Swamp
 33596 | Swamp:1  | Killed from afar by a will-o-the-wisp

Illustrated notes

Levels and vault maps discovered:
D:1:      minmay_arrival_shoal_huts, layout_loops_ring, basic_ecumenical_altar,
          serial_shops, nicolae_shop_waterfront
D:2:      layout_basic
D:3:      layout_loops_ring, tgw_sif, nicolae_ru_the_path_less_chosen
D:4:      layout_rooms, minmay_temple_entry_gardened_gates,
          cheibrodos_sewer_entry_sluice, gammafunk_ghost_smash, serial_shops,
          nicolae_shop_crystal
D:5:      layout_loops_ring, gammafunk_ghost_abyssal_escape
D:6:      layout_rooms, hex_large, minmay_misc_feat_four_crosses,
          serial_bayou_lagoon_a
D:7:      layout_rooms
D:8:      layout_rooms, dk_vineyard_1, minivault_4
D:9:      layout_basic, kennysheep_slug_shrine, orc_0_dummy
D:10:     layout_basic, mainiacjoe_overflow_small_starburst, minitemple,
          serial_shops, nicolae_shop_bloodbath_and_beyond,
          kennysheep_generic_room_16
D:11:     layout_irregular_city, dpeg_lair_monsters
D:12:     layout_basic, nicolae_splish_splash, uniq_lodul
D:13:     layout_cave_pods, fedhas_altar_2, uniq_josephine
D:14:     layout_rooms, david_vaults_1, grunt_dithmenos_smoke,
          ploomutoo_gammafunk_ghost_potion_laboratory
D:15:     hangedman_depths_entry_try_elsewhere_first, layout_stronghold,
          nicolae_uskayaw_en_pointe, kiku_gazebo_pond_becter
Temple:   nicolae_temple_no_exploring_needed
Lair:1:   layout_misc_corridors, nicolae_quartered_pool_little
Lair:2:   layout_long_grid, nicolae_spider_entry_orb_guardian, special_room
          [special_room_bee], hangedman_tree_tricks, grunt_megastairs_3
Lair:3:   lemuel_reptile_caves, layout_long_grid, palyth_hydra_swamp_entry
Lair:4:   pond_and_an_island_with_a_cottage, layout_small_grid,
          minmay_slime_entry_oklob_open, grunt_megastairs_2,
          serial_bayou_shore_a
Lair:5:   grunt_lair_end_beastmaster, layout_regular_city
Swamp:1:  layout_basic_swamp, nicolae_swamp_godswood
Orc:1:    layout_diamond_mine, basic_altar
Orc:2:    st_orc_rangers, layout_diamond_mine

Skill      XL: |  1  2  3  4  5  6  7  8  9 10 11 12 13 14 15 |
---------------+----------------------------------------------+-----
Transmutations | 1 3 |  3.0
Fighting       | 1 2 3 4 7 8 10 11 14 16 17 | 17.1
Armour         | 1 2 3 5 6 8 |  8.3
Earth Magic    | 3 4 5 6 7 8 9 10 | 10.6
Conjurations   | 1 2 3 5 6 8 |  8.7
Spellcasting   | 3 4 5 6 7 8 10 11 12 | 12.4
Dodging        | |  1.7
Stealth        | |  1.7

Action                   |  1- 3 |  4- 6 |  7- 9 | 10-12 | 13-15 || total
-------------------------+-------+-------+-------+-------+-------++-------
Melee: Whip              |   113 |   101 |    40 |       |       ||   254
       Punch             |       |       |     1 |       |    15 ||    16
       Short sword       |       |       |    13 |    22 |       ||    35
       Rapier            |       |       |       |    23 |   353 ||   376
 Cast: Sandblast         |    15 |    45 |    79 |    89 |    49 ||   277
       Stone Arrow       |       |     3 |    81 |   224 |   175 ||   483
       Iron Shot         |       |       |       |     1 |   135 ||   136
       Ignite Poison     |       |       |       |     1 |     4 ||     5
       Irradiate         |       |       |       |     3 |    14 ||    17
       Passwall          |       |       |       |       |     2 ||     2
       Mephitic Cloud    |       |       |       |       |    28 ||    28
Evoke: Wand              |       |       |    10 |     4 |       ||    14
  Use: Scroll            |       |     6 |     5 |    12 |    16 ||    39
       Potion            |       |       |     1 |     3 |     2 ||     6
 Stab: Paralysed         |     1 |     6 |    17 |     9 |    33 ||    66
       Sleeping          |     2 |     4 |       |       |       ||     6
       Confused          |       |       |       |       |     2 ||     2
Armor: Robe              |    36 |    44 |    91 |     1 |       ||   172
       Steam dragon scal |       |       |       |   117 |   378 ||   495
Dodge: Dodged            |    91 |    69 |    96 |    88 |   451 ||   795
Block: Other             |       |       |       |       |   177 ||   177
       Reflection        |       |       |       |       |    18 ||    18
